[Event "1st FIDE Olympiad DIS 2023"]
[Site "Belgrade"]
[Date "2023.02.01"]
[Round "3.6"]
[White "Lopez, Henry"]
[Black "Mitrovic, Stefan"]
[Result "1/2-1/2"]
[ECO "A55"]
[WhiteElo "2102"]
[BlackElo "1807"]
[Annotator "TA"]
[PlyCount "84"]
[EventDate "2023.01.30"]
[EventType "team-tourn"]
[EventCountry "SRB"]
[SourceTitle "playchess.com"]
[Source "ChessBase"]
[SourceQuality "1"]
[WhiteTeam "Philippines"]
[BlackTeam "Serbia"]
[WhiteTeamCountry "PHI"]
[BlackTeamCountry "SRB"]
[TimeControl "40/5400+30:1800+30"]

1. d4 Nf6 2. Nf3 d6 3. c4 Nbd7 4. Nc3 e5 5. e4 c6 6. Be2 Be7 7. O-O O-O 8. Qc2 Qc7 9. Bg5 a6 {[%emt 0:01:16] A55: Old Indian Defence with Nf3 and e4.} 10. h3 Re8 11. Rac1 {[%emt 0:01:44] [#]} b5 $146 {[%emt 0:03:25] White is slightly better.} ({Predecessor:} 11... exd4 12. Nxd4 Nc5 {½-½ Savova,S (2245)-Aladjova,K (2040) BUL-ch (Women) 1987 (6)}) 12. a3 Bb7 13. b4 Rac8 14. dxe5 dxe5 15. c5 Rcd8 16. Rfd1 Nf8 17. Be3 h6 18. Nh4 Bc8 19. Nf5 N6h7 20. a4 {[%emt 0:13:23][%cal Ra4b5] axb5 is the strong threat. White has more active pieces. The black rooks are badly placed.} Be6 $2 (20... Nf6 $16 {keeps fighting.}) 21. axb5 $18 axb5 {[%emt 0:00:12] [#]} 22. Bxb5 $1 Bxf5 23. exf5 Rxd1+ 24. Rxd1 {[%emt 0:00:21] Hoping for Bc4.} cxb5 25. Nd5 ({White has to play} 25. Nxb5 $16 Qb7 26. Qc4) 25... Qc6 26. Qe4 {[%emt 0:01:34] aiming for Nxe7+.} Kh8 27. Qxe5 (27. Nc3 $5 Qa6 28. Qxe5 $11) 27... Bg5 (27... Bxc5 $2 28. Qc3 $18) ({Black should play} 27... Bd8 $1 $15 28. Qd6 Qxd6 29. cxd6 Nd7) 28. Qc7 $11 Qxc7 29. Nxc7 Re4 (29... Rb8 $1 $14) 30. Rb1 $2 ({Weaker is} 30. Nxb5 Rxb4 31. Nd6 Be7 $16) (30. c6 $18) 30... Bxe3 31. fxe3 Nf6 32. Nxb5 {[%emt 0:04:31] c6 would be deadly.} Nd5 {[%emt 0:00:00] [#]} (32... N8d7 $1 $11 {remains equal.}) 33. Nd6 ({White should try} 33. c6 $1 $16) 33... Rxb4 {[%emt 0:00:00] The position is equal.} 34. Rxb4 Nxb4 35. Nxf7+ Kg8 36. Ne5 Nh7 37. Kf2 Kf8 38. e4 Ke7 39. Ke3 Nf6 40. Ng6+ {[%emt 0:02:31][%mdl 1024] White has compensation.} Kd7 41. Nf4 Kc6 42. Ne6 Ne8 {[%emt 0:01:31] Weighted Error Value: White=0.34/Black=0.26 (precise)} 1/2-1/2

[Event "1st FIDE Olympiad DIS 2023"]
[Site "Belgrade"]
[Date "2023.02.01"]
[Round "3.7"]
[White "Kozhabekov, Adilkhan"]
[Black "Donmez, Unal"]
[Result "0-1"]
[ECO "A06"]
[WhiteElo "1939"]
[BlackElo "1816"]
[Annotator "TA"]
[PlyCount "68"]
[EventDate "2023.01.30"]
[EventType "team-tourn"]
[EventCountry "SRB"]
[SourceTitle "playchess.com"]
[Source "ChessBase"]
[SourceQuality "1"]
[WhiteTeam "Kazakhstan"]
[BlackTeam "Turkey"]
[WhiteTeamCountry "KAZ"]
[BlackTeamCountry "TUR"]
[TimeControl "40/5400+30:1800+30"]

1. Nf3 Nf6 2. b3 d5 3. Bb2 c5 4. e3 Nc6 5. Bb5 Bf5 6. Ne5 {[%emt 0:09:02] A06: Réti Opening: 1 Nf3 d5.} Qc7 7. d3 e6 8. Nd2 {[%emt 0:00:24] White is slightly better.} Bd6 9. Bxc6+ bxc6 10. f4 O-O 11. O-O {[%emt 0:02:23] [#]} (11. Qf3 $5 ) 11... a5 $146 ({Predecessor:} 11... Nd7 12. Nxd7 Qxd7 13. e4 Bg6 14. Qe2 Rfe8 15. Rae1 f6 16. Qf2 Kh8 17. Ba3 c4 18. Bxd6 Qxd6 19. bxc4 {1-0 Aravindh,C (2641)-Bethke,R (2332) Titled Tuesday intern op 27th Apr blitz 2021 (1)}) 12. a4 Rab8 13. Qe1 {[%emt 0:06:21] Black must now prevent e4.} Nd7 14. Nxd7 Qxd7 15. Nf3 (15. Bc3 $5 ) 15... f6 16. e4 $1 (16. Qxa5 c4 17. Nd4 (17. dxc4 Bb4 $15) 17... cxd3 18. Nxf5 exf5 $15) 16... Bg4 17. Qh4 ({But not} 17. Qxa5 c4 18. Qc3 (18. dxc4 $2 {perishes.} Bb4 $19) 18... cxb3 19. cxb3 Bxf4 $15) (17. e5 $16 Bc7 18. exf6 gxf6 19. h3 Bxf3 20. Rxf3) 17... Bxf3 $11 18. Rxf3 {[%emt 0:00:18] [#]} c4 $1 19. Rh3 (19. dxc4 {simplifies} dxe4 20. Rff1 Rbd8 21. Qf2) 19... h6 ({Much less strong is} 19... cxb3 20. Qxh7+ Kf7 21. Rg3 $14) 20. Qg4 $2 (20. dxc4 $11 {and White has nothing to worry.} dxc4 21. Kh1) 20... cxb3 $19 21. c4 Qa7+ 22. Kh1 Qf7 ({Black should play} 22... Kh8 $19 {aiming for ...Qf2.} 23. Rf1 Qe7) 23. Rxh6 $11 Bxf4 24. Rxf6 Qxf6 25. Bxf6 Rxf6 26. g3 b2 {[%emt 0:03:32] Really sharp!} 27. Rb1 $40 {[%emt 0:00:01][%mdl 128] Black needs to defend precisely.} Bc1 28. e5 Rf5 29. cxd5 (29. d4 $1 $11 {deserves consideration.}) 29... cxd5 $15 30. Qd4 {[%emt 0:01:09][%mdl 8192] [#]} (30. Qe2 $15) 30... Rf1+ $1 $19 31. Kg2 {[%emt 0:00:14] [#]} Be3 $1 {[%emt 0:00:26][%mdl 576] Discovered Attack} 32. Qg4 (32. Rxb2 Rf2+) 32... Rxb1 {[%emt 0:00:34] Black mates.} 33. Qxe6+ Kh8 34. Qh3+ {[%emt 0:01:20] [#]} Bh6 $1 {[%emt 0:00:18] Beautiful play by Donmez!   Weighted Error Value: White=0.61/Black=0.23 (precise)} 0-1

[Event "1st FIDE Olympiad DIS 2023"]
[Site "Belgrade"]
[Date "2023.02.01"]
[Round "3.7"]
[White "Bulatovic, Luka"]
[Black "Infiesto, James"]
[Result "0-1"]
[ECO "C55"]
[WhiteElo "1707"]
[BlackElo "1930"]
[Annotator "TA"]
[PlyCount "114"]
[EventDate "2023.01.30"]
[EventType "team-tourn"]
[EventCountry "SRB"]
[SourceTitle "playchess.com"]
[Source "ChessBase"]
[SourceQuality "1"]
[WhiteTeam "Serbia"]
[BlackTeam "Philippines"]
[WhiteTeamCountry "SRB"]
[BlackTeamCountry "PHI"]
[TimeControl "40/5400+30:1800+30"]

1. e4 e5 2. Bc4 Nf6 3. d3 Nc6 4. Nf3 Be7 5. c3 O-O 6. O-O d6 7. Bb3 Bg4 8. Re1 {[%emt 0:01:22] C55: Two Knights: 4 d3, 4 d4 exd4 5 e5 and Max Lange Attack.} Qd7 9. Nbd2 Be6 10. Nf1 {[%emt 0:01:54] White is slightly better.} h6 11. Ng3 {[%emt 0:01:08] [#]} Rfe8 $146 (11... Bxb3 $11 12. Qxb3 a6) ({Predecessor:} 11... Bg4 12. h3 Bh5 13. Nxh5 Nxh5 14. Nh4 Nf4 15. Nf5 Kh7 16. Bxf4 exf4 17. Qg4 g6 18. Nxe7 Qxe7 19. Qxf4 {1-0 Winkler,S (1307)-Niesch,S (1043) GER-chT U14 Girls 2019 (5.7)}) 12. Qe2 ({Better is} 12. Ba4 $16) 12... Bxb3 $11 13. axb3 a5 14. h3 Bf8 15. Nh4 Qe6 16. Qc2 Nd7 17. Be3 d5 18. Rad1 (18. exd5 $11 {keeps the balance.} Qxd5 19. Nhf5) 18... d4 $17 19. Bd2 Nc5 20. c4 Nd8 {[%emt 0:08:21] Black is more active.} 21. b4 (21. Ra1 $17) 21... axb4 $19 22. Bxb4 {[%emt 0:03:45] [#]} Nxd3 {[%emt 0:00:08][%mdl 576] Discovered Attack} 23. Qxd3 {[%emt 0:01:13] Black must now prevent Bxf8.} Bxb4 24. Rf1 {[%emt 0:00:34] White is weak on the dark squares} Qf6 25. Nf3 Bf8 26. Nh2 (26. Ne2 {was called for.}) 26... Ne6 27. Ng4 Qg5 28. Nh2 Nf4 29. Qf3 b6 30. Kh1 h5 31. Ne2 Ne6 32. Nc1 Ra4 33. Qb3 Ra1 34. Nf3 Qf6 35. Qb5 Re7 {[%emt 0:02:47] Strongly threatening ...Nc5.} 36. Qxe5 Qxe5 37. Nxe5 Nc5 38. Nc6 Rxe4 39. Rxd4 (39. f3 $17 {was the only chance.} Re8 40. Nxd4) 39... Rxd4 40. Nxd4 Rb1 41. Kg1 Rxb2 42. Nb5 Ne6 43. Nd3 Rc2 44. Rc1 Rd2 45. Ne5 Bc5 46. Kh1 Bxf2 47. Ra1 Bg3 {[%emt 0:00:48] Black is clearly winning.} 48. Nf3 Rc2 49. Ng1 Rxc4 50. Ne2 Be5 51. Rf1 Rc2 52. Nc1 g6 53. Nd3 Bg3 54. Rf3 h4 55. Rf1 c5 56. Na7 Rd2 57. Ne1 Rd1 {Weighted Error Value: White=0.35/Black=0.12 (very precise)} 0-1

[Event "1st FIDE Olympiad DIS 2023"]
[Site "Belgrade"]
[Date "2023.02.01"]
[Round "3.8"]
[White "Bernardo, Darry"]
[Black "Petrovic, Vladan"]
[Result "1-0"]
[ECO "B13"]
[WhiteElo "2070"]
[BlackElo "1818"]
[Annotator "TA"]
[PlyCount "83"]
[EventDate "2023.01.30"]
[EventType "team-tourn"]
[EventCountry "SRB"]
[SourceTitle "playchess.com"]
[Source "ChessBase"]
[SourceQuality "1"]
[WhiteTeam "Philippines"]
[BlackTeam "Serbia"]
[WhiteTeamCountry "PHI"]
[BlackTeamCountry "SRB"]
[TimeControl "40/5400+30:1800+30"]

1. e4 c6 2. d4 d5 3. exd5 cxd5 4. Nf3 Nf6 5. Ne5 g6 6. Bb5+ {[%emt 0:01:05] B13: Caro-Kann: Exchange Variation and Panov-Botvinnik Attack.} Bd7 7. Nxd7 Nbxd7 8. O-O {[%emt 0:00:03] White has an edge.} Bg7 9. c3 O-O 10. Re1 e6 11. Nd2 a6 12. Bd3 b5 13. Nf3 {[%emt 0:01:04] [#]} Qc7 $146 ({Predecessor:} 13... Qb6 14. a3 a5 15. Bd2 Rfc8 16. Qe2 Rab8 17. h4 Ne8 18. Bf4 Rb7 19. h5 Ndf6 20. hxg6 hxg6 {1-0 Shimanov,A (2626)-Sharapov,E (2368) Titled Tuesday intern op 2nd Oct blitz 2018 (5)}) 14. g3 Nb6 15. Bf4 Qb7 16. Qc1 {[%emt 0:04:13] Black is weak on the dark squares} Rac8 17. a3 Nc4 18. Re2 Qb6 19. Bh6 Rfd8 20. Bg5 Rd7 21. Qf4 Ne8 22. Bh6 Qd6 23. Qh4 Bxh6 24. Qxh6 Qf8 25. Qh4 Qg7 26. a4 (26. Ne5 {keeps more tension.} Rb7 27. Kg2 a5 28. Rae1) 26... Rb7 27. axb5 axb5 28. Ra6 Ned6 29. Bxc4 (29. Qf4 $14) 29... Nxc4 (29... Nf5 $5 30. Qf4 bxc4 $15) 30. Kg2 b4 (30... h6 $11) 31. b3 $16 Rb6 {[%emt 0:00:54] [#]} (31... Nb6 $16) 32. Rxb6 $1 $18 {[%emt 0:03:56][%mdl 64] Remove Defender} Nxb6 33. cxb4 Nd7 34. Qe7 Nf6 (34... Nf8 35. b5 f6 36. Rxe6 Qxe7 37. Rxe7 Rb8) 35. Rxe6 fxe6 {[%emt 0:04:51] [#]} (35... Ne4 36. Qb7 Rd8) 36. Qxe6+ {[%emt 0:00:10] White is clearly winning.} Qf7 37. Qxc8+ Kg7 38. Ne5 Qe7 39. Qc5 Qe6 40. Qc7+ Kh6 41. Nf7+ Kh5 42. Qe5+ {[%emt 0:00:14] Weighted Error Value: White=0.12 (very precise) /Black=0.23 (precise)} 1-0

[Event "1st FIDE Olympiad DIS 2023"]
[Site "Belgrade"]
[Date "2023.02.01"]
[Round "3.8"]
[White "Saltik, Suleyman"]
[Black "Zhukovskaya, Nina"]
[Result "1-0"]
[ECO "B07"]
[WhiteElo "1687"]
[BlackElo "1474"]
[Annotator "NA RC COMBH"]
[PlyCount "57"]
[EventDate "2023.01.30"]
[EventType "team-tourn"]
[EventCountry "SRB"]
[SourceTitle "playchess.com"]
[Source "ChessBase"]
[SourceQuality "1"]
[WhiteTeam "Turkey"]
[BlackTeam "Kazakhstan"]
[WhiteTeamCountry "TUR"]
[BlackTeamCountry "KAZ"]
[TimeControl "40/5400+30:1800+30"]

1. e4 g6 2. d4 d6 3. Nc3 Bg7 4. Be3 Nf6 5. Qd2 O-O 6. O-O-O Nbd7 7. f3 c6 8. g4 b5 9. h4 Ne8 10. h5 e5 11. hxg6 fxg6 12. Qh2 Kf7 13. d5 b4 14. dxc6 bxc3 15. Bc4+ Ke7 16. cxd7 cxb2+ 17. Kb1 Qxd7 18. Bg5+ Nf6 19. Qxh7 Kd8 20. Qxg6 Kc7 21. Ne2 a5 22. Nc3 Bb7 23. Nb5+ Kb8 24. Rxd6 Qe7 25. Rh7 Rh8 26. Rxh8+ Bxh8 27. Bxf6 Bxf6 28. Qg8+ Bc8 29. Rb6+ 1-0

[Event "1st FIDE Olympiad DIS 2023"]
[Site "Belgrade"]
[Date "2023.02.01"]
[Round "3.9"]
[White "Jankunas, Tomas"]
[Black "Zambo, Zoltan Istvan"]
[Result "1/2-1/2"]
[ECO "B22"]
[WhiteElo "2127"]
[BlackElo "2301"]
[Annotator "TA"]
[PlyCount "57"]
[EventDate "2023.01.30"]
[EventType "team-tourn"]
[EventCountry "SRB"]
[SourceTitle "playchess.com"]
[Source "ChessBase"]
[SourceQuality "1"]
[WhiteTeam "Lithuania"]
[BlackTeam "Hungary"]
[WhiteTeamCountry "LTU"]
[BlackTeamCountry "HUN"]
[TimeControl "40/5400+30:1800+30"]

1. e4 c5 2. c3 d5 3. exd5 Qxd5 4. d4 Nf6 5. Nf3 e6 6. Be3 cxd4 7. cxd4 Bd7 {[%emt 0:00:35] B22: Sicilian: 2 c3.} 8. Nc3 Bb4 9. Bd3 Bb5 10. O-O Bxc3 11. bxc3 {[%emt 0:06:22][%cal Oc3c4] [#] Strongly threatening c4!} O-O 12. Rb1 Bxd3 13. Qxd3 Rc8 14. Rfc1 {[%emt 0:25:43] [#]} Nbd7 $146 ({Predecessor:} 14... b6 15. c4 Qa5 16. a3 Nbd7 17. Rb5 Qa6 18. Rg5 Rd8 19. Qb3 Ne4 20. Rg4 Ndf6 {0-1 Brandl,F (2073)-Loder,W (2099) Regionalliga SO 0910 2009 (8.3)}) 15. c4 Qd6 16. Qe2 (16. Rxb7 $2 {loses.} Nc5 17. Qb1 Nxb7 18. Qxb7 Rcb8 $19) 16... b6 17. Rd1 Qa3 18. Bg5 h6 19. Bf4 Qa6 20. Rbc1 Rd8 21. Bc7 Re8 22. Be5 Rac8 23. Bxf6 Nxf6 24. Ne5 Red8 25. Rc3 Qb7 26. Rg3 Qe4 {[%emt 0:01:06] The position is equal.} 27. Re3 Qb7 28. Rg3 Qe4 29. Re3 $1 {[%emt 0:00:28] Weighted Error Value: White=0.08 (flawless) /Black=0.06 (flawless)} 1/2-1/2

[Event "1st FIDE Olympiad DIS 2023"]
[Site "Belgrade"]
[Date "2023.02.01"]
[Round "3.9"]
[White "Ibraimov, Kubanychbek"]
[Black "Gora, Tapiwa"]
[Result "0-1"]
[ECO "B01"]
[WhiteElo "1316"]
[BlackElo "1959"]
[Annotator "TA"]
[PlyCount "78"]
[EventDate "2023.01.30"]
[EventType "team-tourn"]
[EventCountry "SRB"]
[SourceTitle "playchess.com"]
[Source "ChessBase"]
[SourceQuality "1"]
[WhiteTeam "Kyrgyzstan"]
[BlackTeam "Zimbabwe"]
[WhiteTeamCountry "KGZ"]
[BlackTeamCountry "ZIM"]
[TimeControl "40/5400+30:1800+30"]

1. e4 d5 2. exd5 Nf6 3. c4 e6 4. dxe6 Bxe6 5. d3 Nc6 6. Nf3 {[%emt 0:00:21] B01: Scandinavian Defence.} Bb4+ 7. Nc3 Qe7 8. Be2 {[%emt 0:00:28] The position is equal.} O-O-O 9. Qc2 Bf5 {[%emt 0:02:12][%mdl 1024] Black has compensation.} 10. O-O Rhe8 {[%emt 0:03:24] [#]} 11. Re1 $146 (11. Be3 $11 {should be considered.}) ({Predecessor:} 11. Be3 Bxc3 12. Qxc3 Ng4 13. Nd4 Rxd4 14. Bxd4 Qxe2 15. Rae1 Nxd4 16. Qa5 Re5 17. Qb4 c5 18. Qa5 Nc6 {0-1 Roth,J (2174)-Holzhaeuer,M (2347) Oberliga Wuerttemberg 9900 1999}) 11... Bc5 (11... Qd6 $1 $15) 12. Bg5 Nb4 $2 (12... Bxf2+ $15 13. Kxf2 Qc5+ 14. Kf1 (14. d4 $2 Nxd4 15. b4 Qxb4 $19) 14... Ng4) 13. Qb3 $16 h6 {[%emt 0:01:13] [#]} 14. a3 $2 (14. Bf1 $1 $18 Qd6 15. Rxe8 Rxe8 16. Bh4) 14... Nc6 (14... Nxd3 $2 15. Bxd3 Bxf2+ 16. Kh1 (16. Kxf2 Qc5+ 17. Be3 Ng4+ 18. Kg3 Nxe3 $16) 16... Bxe1 17. Bxf5+ Kb8 18. Be4 $18 (18. Rxe1 $2 Qxe1+ 19. Ng1 hxg5 $19)) (14... hxg5 $11 15. axb4 Bxf2+ {[%mdl 64] Decoy} 16. Kxf2 Qe3+ 17. Kf1 Bxd3) 15. Nd5 Bxf2+ (15... Rxd5 $16 16. cxd5 Bxf2+ {[%mdl 64] Decoy} 17. Kxf2 Ng4+ 18. Kf1 (18. Kg1 Qc5+ 19. d4 Nxd4 $17) 18... hxg5) 16. Kxf2 $18 Qc5+ 17. Kf1 $2 (17. Be3 $2 Rxe3 18. d4 (18. Nxe3 Ng4+ 19. Kg3 Qd6+ {[%mdl 64] Skewer, Double Attack} 20. Kh4 g5+ 21. Nxg5 hxg5+ 22. Kxg5 Rg8+ 23. Kxf5 Qe5#) 18... Ng4+ 19. Kf1 Qxd5 20. cxd5 Rxb3 $19) ({Only move:} 17. d4 $1 $18 Nxd4 18. Nxd4 hxg5 19. Rad1) 17... hxg5 $17 {[%emt 0:00:22] Black is more active.} 18. Qb5 $2 {[%emt 0:02:06] This move loses the game for White.} (18. Nxf6 $17 {was necessary.} gxf6 19. Qb5 Qxb5 20. cxb5) 18... Qxb5 {[%emt 0:05:06][%mdl 64] [#] Deflection} 19. cxb5 {[%emt 0:00:13] Hoping for Nxf6.} Nxd5 20. bxc6 Ne3+ (20... bxc6 21. Kf2 $17) 21. Kf2 Nc2 (21... bxc6 22. d4 Kb7 23. Bf1 Ng4+ 24. Kg1 $17) (21... Bxd3 22. Nxg5 Bxe2 23. cxb7+ Kxb7 24. Rxe2 Ng4+ 25. Ke1 $11) 22. cxb7+ Kxb7 23. Nxg5 Nxa1 ({Weaker is} 23... Bxd3 24. Bf3+ Kb6 25. Rxe8 Rxe8 26. Rd1 $14) 24. Rxa1 Bxd3 25. Bf3+ Kb6 {[%emt 0:01:47] White must now prevent ...f6.} 26. Nxf7 Rd4 27. b4 (27. Re1 $142 Rxe1 28. Kxe1) 27... Bc4 $19 28. Ng5 Bd5 29. Bxd5 Rxd5 {[%emt 0:00:02][%mdl 4096] Endgame KRR-KRN} 30. Nf3 Kb5 31. Rc1 Re7 32. Rc3 a5 33. bxa5 c5 (33... Kxa5 $2 {perishes.} 34. h4 $19) 34. h4 c4 (34... Kxa5 $2 {is the wrong capture.} 35. g4 $19) 35. Ne1 $2 (35. Rc1) 35... Rd2+ {[%emt 0:00:05] Black is clearly winning.} 36. Kf1 Rd1 37. a6 Rdxe1+ 38. Kf2 R1e2+ 39. Kf3 Rd2 {[%emt 0:00:03] Weighted Error Value: White=0.66/Black=0.32} 0-1

[Event "1st FIDE Olympiad DIS 2023"]
[Site "Belgrade"]
[Date "2023.02.01"]
[Round "3.10"]
[White "Paal-Szucs, Attila"]
[Black "Moldovanovic, Dragan"]
[Result "1-0"]
[ECO "C14"]
[WhiteElo "2141"]
[BlackElo "2019"]
[Annotator "TA"]
[PlyCount "83"]
[EventDate "2023.01.30"]
[EventType "team-tourn"]
[EventCountry "SRB"]
[SourceTitle "playchess.com"]
[Source "ChessBase"]
[SourceQuality "1"]
[WhiteTeam "Hungary"]
[BlackTeam "Serbia"]
[WhiteTeamCountry "HUN"]
[BlackTeamCountry "SRB"]
[TimeControl "40/5400+30:1800+30"]

1. e4 e6 2. d4 d5 3. Nc3 Nf6 4. Bg5 Be7 5. e5 Nfd7 6. Bxe7 Qxe7 7. Qd2 a6 8. Nd1 c5 9. c3 {[%emt 0:00:10] C14: French: Classical System: 4 Bg5 Be7 main line.} Nc6 10. f4 f6 11. Nf3 {[%emt 0:00:16] The position is equal.} O-O 12. Bd3 b5 (12... cxd4 $11 13. cxd4 Qb4) 13. O-O $14 Bb7 14. Nf2 {[%emt 0:02:13] [#]} (14. exf6 $16 gxf6 15. Re1) 14... Rac8 $146 (14... f5 $11) ({Predecessor:} 14... fxe5 15. fxe5 Rac8 16. Rad1 cxd4 17. cxd4 Nb6 18. b3 Qb4 19. Qg5 Qe7 20. Qg4 g6 {1-0 Farkas,O (1986)-La Barbera,M (1667) Budapest Rakosmente op 19th 2021 (2)}) 15. exf6 $16 {[%emt 0:03:37] White is more active.} Nxf6 16. Rae1 cxd4 17. cxd4 Qb4 18. Qxb4 ({But not} 18. Rxe6 $6 Qxd2 19. Nxd2 Nxd4 $11) 18... Nxb4 19. Bb1 {[%emt 0:01:10] Wards off Ne4} Ne4 {[%emt 0:11:00][%mdl 64] [#] Deflection} 20. Nxe4 (20. g3 $16) 20... dxe4 $14 21. Bxe4 Bxe4 22. Rxe4 Nxa2 23. g3 Rc6 24. Rfe1 Rd8 25. Rxe6 Rxe6 26. Rxe6 $16 {[%emt 0:00:16][%mdl 4096] Endgame KRN-KRN} Nb4 27. Re4 (27. Kf2 $16) 27... a5 $14 28. Ng5 h6 29. Ne6 Rd6 30. f5 (30. Nc7 $5 ) 30... Kf7 31. Rg4 Kf6 {[%emt 0:08:38] Black cannot hold the game after this.} (31... h5 $1 $14 32. Rxg7+ Kf6) 32. Nxg7 $18 {[%emt 0:00:18] [#] Hoping for Ne8+.} (32. Rxg7 $2 {loses.} Rxe6 33. Rb7 (33. fxe6 $2 Kxg7 34. Kf2 Nd3+ 35. Ke3 Nxb2 $19) 33... Kxf5 34. Rxb5+ Ke4 35. Rxa5 Rb6 $19) 32... Rd7 $2 (32... Rc6 {was called for.} 33. Rg6+ Ke7) 33. Rg6+ Kf7 (33... Ke7 $142 34. Rxh6 Rxd4) 34. Ne6 Rd5 35. g4 Nc2 36. Rxh6 Nxd4 37. Ng5+ Kg8 38. Rg6+ Kf8 39. Nh7+ Kf7 40. Rb6 {[%emt 0:01:31] Rb7+ would be deadly.} Rd7 {[%emt 0:08:08] Prevents Rb7.} (40... Nxf5 $142 41. Ng5+ Ke7 42. gxf5 Rxf5) 41. f6 $2 (41. Ng5+ Kg8 42. f6) 41... Ra7 $2 (41... Ne6 42. Kf2 Rd2+ 43. Kg3 Rxb2 44. Rb7+ Kg6) 42. Ng5+ {[%emt 0:01:02] Weighted Error Value: White=0.14 (very precise) /Black=0.39} 1-0

[Event "1st FIDE Olympiad DIS 2023"]
[Site "Belgrade"]
[Date "2023.02.01"]
[Round "3.10"]
[White "CHIKAFU, ONAI"]
[Black "Arstanbekov, Dzhanysh"]
[Result "1/2-1/2"]
[ECO "B70"]
[WhiteElo "1494"]
[BlackElo "1621"]
[Annotator "NA RC COMBH"]
[PlyCount "145"]
[EventDate "2023.01.30"]
[EventType "team-tourn"]
[EventCountry "SRB"]
[SourceTitle "playchess.com"]
[Source "ChessBase"]
[SourceQuality "1"]
[WhiteTeam "Zimbabwe"]
[BlackTeam "Kyrgyzstan"]
[WhiteTeamCountry "ZIM"]
[BlackTeamCountry "KGZ"]
[TimeControl "40/5400+30:1800+30"]

1. e4 c5 2. Nf3 d6 3. d4 cxd4 4. Nxd4 Nf6 5. Nc3 g6 6. f3 Bg7 7. Bc4 O-O 8. O-O Nc6 9. Kh1 Qc7 10. Bb3 a6 11. Be3 Bd7 12. Qd2 Rfe8 13. Rad1 Ne5 14. Nde2 b5 15. Nf4 Bc6 16. Ncd5 Nxd5 17. Nxd5 Bxd5 18. Qxd5 Rf8 19. c3 Rac8 20. Bg5 h6 21. Bh4 g5 22. Bf2 Nc4 23. Rb1 Rfd8 24. Rfd1 e6 25. Qd3 d5 26. exd5 Rxd5 27. Qe2 Rcd8 28. Rxd5 Rxd5 29. Bxc4 Qxc4 30. Qxc4 bxc4 31. Kg1 Rd2 32. Kf1 e5 33. Ke1 Rc2 34. Kf1 f5 35. Be1 e4 36. fxe4 fxe4 37. a4 Be5 38. h3 Kf7 39. b4 cxb3 40. Rxb3 h5 41. Rb6 h4 42. Rxa6 e3 43. Ra5 Ke6 44. Ra8 e2+ 45. Kg1 Rc1 46. Re8+ Kf5 47. Rxe5+ Kxe5 48. Kf2 Rc2 49. Ke3 Ra2 50. Bd2 e1=Q+ 51. Bxe1 Rxg2 52. Kf3 Ra2 53. Kg4 Kf6 54. Kh5 Rxa4 55. Bd2 Ra5 56. Be3 Rf5 57. c4 Rf3 58. Bxg5+ Kf5 59. Kxh4 Rc3 60. c5 Rc4+ 61. Kh5 Rxc5 62. h4 Rc8 63. Kh6 Rc6+ 64. Kg7 Rc7+ 65. Kf8 Kg6 66. Ke8 Kf5 67. Bd8 Rh7 68. Kf8 Ra7 69. Bg5 Kg6 70. Ke8 Rh7 71. Bd8 Kf5 72. Bg5 Ke6 73. Kf8 1/2-1/2

[Event "1st FIDE Olympiad DIS 2023"]
[Site "Belgrade"]
[Date "2023.02.01"]
[Round "3.11"]
[White "Johansen, Torbjorn Reidar"]
[Black "Acs, Gabor"]
[Result "0-1"]
[ECO "C01"]
[WhiteElo "1764"]
[BlackElo "2101"]
[Annotator "TA"]
[PlyCount "64"]
[EventDate "2023.01.30"]
[EventType "team-tourn"]
[EventCountry "SRB"]
[SourceTitle "playchess.com"]
[Source "ChessBase"]
[SourceQuality "1"]
[WhiteTeam "Norway"]
[BlackTeam "Hungary"]
[WhiteTeamCountry "NOR"]
[BlackTeamCountry "HUN"]
[TimeControl "40/5400+30:1800+30"]

1. e4 e6 2. d4 d5 3. exd5 exd5 4. Nf3 Nc6 5. Bd3 Bg4 6. c3 Bd6 7. Be3 Nge7 8. h3 {[%emt 0:04:58] C01: French: Exchange Variation.} Bf5 9. Qc2 Qd7 {[%emt 0:00:53] [#]} 10. b4 $146 {[%emt 0:10:56] Black is slightly better.} ({Predecessor:} 10. Nbd2 f6 11. a3 O-O-O 12. b4 Bxd3 13. Qxd3 Qf5 14. Qe2 Rde8 15. a4 Ng6 16. g3 {0-1 Becerra Baigorri,J (1633)-Alonso Abad,E (2002) Madrid-ch Seniors 50 2020 (2)}) 10... O-O 11. Bxf5 Nxf5 12. O-O Nxe3 13. fxe3 Qe7 $36 {[%emt 0:03:43][%mdl 2048] Black has some pressure.} 14. Kf2 Rae8 {[%emt 0:00:28][%csl Ge8][%cal Re7e3] Black is more active.} 15. Re1 f5 {[%emt 0:09:06] aiming for ...g5.} ({And not} 15... Qf6 16. Nbd2 $15) 16. Nbd2 g5 17. g4 ({Of course not} 17. Qb3 g4 18. b5 (18. Qxd5+ $2 {too greedy.} Kh8 $19) 18... gxf3) (17. c4 $17 Nxb4 18. Qb3) 17... fxg4 $19 {[%emt 0:00:57][%mdl 64] [#] Discovered Attack} 18. hxg4 Qe6 19. e4 $2 (19. Ke2) 19... Qxg4 {[%emt 0:03:45] ...Bg3+ would be deadly.} 20. e5 Be7 $2 (20... Nxd4 $19 {[%cal Rf8f3] is more deadly.} 21. cxd4 Qxd4+ 22. Re3 Bxb4) 21. Rh1 $17 Qf5 {[%emt 0:00:00] Dancing on a razor blade.} 22. Qb3 {[%emt 0:07:34][%mdl 8192] White does not recover from this.} (22. Qxf5 $17 Rxf5 23. Rag1) 22... g4 {[%emt 0:01:26][%mdl 64] Strongly threatening ...Qd3. Pin} 23. Rag1 Kh8 24. Rh6 (24. Qb1 $142 Qxb1 25. Rxb1) 24... Bg5 $19 25. Rh5 {[%emt 0:02:05] [#]} Be3+ $1 {[%emt 0:07:38][%mdl 576] Discovered Attack} 26. Kxe3 Qxh5 27. Ne1 Qh3+ (27... Nxe5 $142 28. dxe5 Qxe5+ 29. Ne4 Qxe4+ 30. Kd2 Qe3+ 31. Kc2 Qf2+ 32. Kd1 Qxg1 33. Qxd5 Qxe1+ 34. Kc2 Re2+ 35. Kb3 Rd2 36. Qxb7 Qb1+ {[%mdl 64] Deflection, Double Attack} 37. Kc4 Qxa2+ 38. Kb5 Rf5+ 39. Qd5 Qxd5+ 40. Ka6 Ra2#) 28. Ke2 Ne7 29. Qb1 Nf5 {[%emt 0:00:57] Threatens to win with ...Qe3+.} 30. Nf1 {[%emt 0:01:27] Prevents Qe3+} Qxc3 31. Rxg4 Nxd4+ 32. Kd1 Rxf1 {[%emt 0:00:35] Weighted Error Value: White=1.56/Black=1.00} 0-1